 Dungeon Crawl Stone Soup version 0.22-a0-181-gb22368a (webtiles) character file.

22 MatthieuS the Shooter (level 2, 0/25 HPs)
             Began as a Hill Orc Hunter on Feb 14, 2018.
             Slain by a quokka (2 damage)
             ... on level 1 of the Dungeon.
             The game lasted 00:01:55 (970 turns).

MatthieuS the Shooter (Hill Orc Hunter)              Turns: 970, Time: 00:01:56

Health: 0/25       AC:  3    Str: 14    XL:     2   Next: 91%
Magic:  2/2        EV: 12    Int: 11    God:
Gold:   60         SH:  0    Dex: 11    Spells: 1/1 levels left

rFire    . . .     SeeInvis .   a - +0 short sword
rCold    . . .     Gourm    .   (no shield)
rNeg     . . .     Faith    .   c - +0 leather armour
rPois    .         Spirit   .   (no helmet)
rElec    .         Reflect  .   (no cloak)
rCorr    .         Harm     .   (no gloves)
MR       .....                  (no boots)
Stlth    +.........             (no amulet)
HPRegen  0.08/turn              (no ring)
MPRegen  0.08/turn              (no ring)

@: no status effects
A: no striking features
a: no special abilities


You were on level 1 of the Dungeon.
You were not hungry.

You visited 1 branch of the dungeon, and saw 2 of its levels.

You collected 60 gold pieces.

Inventory:

Hand Weapons
 a - a +0 short sword (weapon)
 w - a +1 shortbow
Missiles
 d - 20 arrows
Armour
 c - a +0 leather armour (worn)
Scrolls
 e - a scroll of remove curse {unknown}
 i - a scroll of teleportation {unknown}
Potions
 b - a potion of haste {unknown}
 h - a potion of degeneration {unknown}
 j - a potion of might {unknown}
 k - a potion of curing {unknown}
Comestibles
 f - a ration


   Skills:
 + Level 2.8 Fighting
 * Level 3.9 Bows
 + Level 1.8 Dodging
 + Level 1.2 Stealth


You had one spell level left.
You didn't know any spells.

Dungeon Overview and Level Annotations

Branches:
Dungeon (2/15)

Altars:


Message History

The quokka closely misses you.
You barely miss the quokka.
The quokka is severely wounded.
The quokka barely misses you. The quokka completely misses you.
You barely miss the quokka.
The quokka is severely wounded.
The quokka closely misses you.
You miss the quokka.
The quokka is severely wounded.
The quokka bites you.
* * * LOW HITPOINT WARNING * * *
You closely miss the quokka.
The quokka is severely wounded.
The quokka bites you.
* * * LOW HITPOINT WARNING * * *
The quokka completely misses you.
You hit the quokka but do no damage.
The quokka is severely wounded.
The quokka bites you.
You die...

#....................#
#........
#....................#
#........
#....................#
##.......
#....................#
########
#....................#
#........##..........#
###...#####..........#########
#...# #....r.....#.......###
##### ##....@.....#.......'.)
#.........###.......###
#.........# #.......#
#.........# #.......#
#.........###.......#
#...).....'.........#
#####.........####.....####
#..............##≈≈≈≈≈≈≈≈≈≈
#..............##≈..8......


You could see a quokka.

Vanquished Creatures
  2 giant cockroaches
  5 goblins
  3 hobgoblins (D:1)
  2 jackals (D:1)
  4 bats (D:1)
  A frilled lizard (D:1)
  2 kobolds (D:1)
  A rat (D:1)
20 creatures vanquished.

Notes
Turn   | Place    | Note
-------+----------+-------------------------------------------
     0 | D:1      | MatthieuS the Hill Orc Hunter began the quest for the Orb.
     0 | D:1      | Reached XP level 1. HP: 18/18 MP: 1/1
    86 | D:1      | Reached skill level 1 in Stealth
   317 | D:1      | Reached XP level 2. HP: 25/25 MP: 2/2
   970 | D:1      | Slain by a quokka

Vault maps used:
D:1:      lightli_arrival_isolated_outpost
D:2:      old_standard_altar, first_ration, minmay_domino_4, uniq_robin

Skill      XL: |  1 |
---------------+----+-----
Stealth        | 1 |  1.2
Fighting       | |  2.8
Bows           | |  3.9
Dodging        | |  1.8

Action                   || total
-------------------------++-------
Melee: Short sword       ||    86
Armor: Leather armour    ||    29
Dodge: Dodged            ||    82

Table legend:
 A = Spawn XP
 B = Non-spawn XP
 C = Spawn XP percentage of total XP
 D = Spawn monster count
 E = Non-spawn monster count
 F = Spawn count percentage of total count
 G = Total turns spent on level
                    A         B        C        D         E        F      G
               +---------+---------+-------+---------+---------+-------+---------
         Total |       0 |      32 |   0.0 |       0 |      20 |   0.0 |   970
               +---------+---------+-------+---------+---------+-------+---------
           D:1 |       0 |      28 |   0.0 |       0 |      18 |   0.0 |   918
           D:2 |       0 |       4 |   0.0 |       0 |       2 |   0.0 |    52
               +---------+---------+-------+---------+---------+-------+---------
